Description

Cure use reaper for win with Spirit on IEM Katowice 2022

Replay - Cure v Spirit: Game 2 - [ESL] Curious Minds

Build Order

Get SALT Encoding   

  12  0:00  SCV  
  13  0:12  SCV  
  14  0:17  Supply Depot  
  14  0:24  SCV  
  15  0:39  SCV  
  15  0:40  Barracks  
  15  0:42  Refinery  
  16  0:51  SCV  
  17  0:58  Barracks  
  17  1:03  SCV  
  18  1:15  SCV  
  18  1:18  Barracks  
  19  1:24  Refinery  
  19  1:29  Reaper  
  20  1:42  Orbital Command  
  20  1:46  Reaper  
  21  1:54  Supply Depot  
  21  2:01  Reaper x2  
  23  2:16  SCV  
  23  2:18  Reaper  
  23  2:22  Supply Depot  
  25  2:28  SCV  
  26  2:33  Reaper x2  
  27  2:42  SCV  
  29  2:50  Reaper  
  30  3:05  Reaper  
  30  3:08  Command Center  
  30  3:12  Barracks Reactor  
  33  3:23  Barracks Tech Lab  
  33  3:24  Supply Depot  
  33  3:37  Factory  
  33  3:39  Barracks Tech Lab  
  33  3:49  Marine x3  
  37  4:04  Marine x2, Stimpack  
  38  4:11  Marine  
  40  4:23  Marine x2  
  40  4:24  Orbital Command  
  40  4:35  Starport  
  40  4:38  Factory Reactor  
  41  4:45  Bunker  
  43  4:54  Marine x2  
  49  5:14  Marauder x2  
  55  5:23  Supply Depot  
  55  5:24  Viking x2  
  58  5:29  Factory Reactor  
  58  5:34  Refinery  
  60  5:47  Barracks Reactor  
Spawning Tool Build Advisor. Get it on Overwolf

Go to:

Details

  • Created by: Wetkin
  • Published on: Sep 04, 2022
  • Modified on: Sep 04, 2022
  • Patch: 4.11.0
  • Difficulty: Hard
Show
View Real Time Build Order
Export as new Build Order

Comments (0)

There are no comments. Be the first!

Create an account to comment!